 Dungeon Crawl Stone Soup version 0.18-a0-337-g1235303 (webtiles) character file.

416 Raultor the Changer (level 6, -16/38 HPs)
             Began as an Octopode Transmuter on Nov 28, 2015.
             Demolished by an ogre
             ... wielding a +0 giant club
              (21 damage)
             ... on level 4 of the Dungeon.
             The game lasted 00:12:00 (5066 turns).

Raultor the Changer (Octopode Transmuter)           Turns: 5066, Time: 00:12:00

Health: -16/38     AC:  1    Str: 10    XL:     6   Next: 92%
Magic:  17/18      EV: 12    Int: 15    God:
Gold:   210        SH:  0    Dex: 14    Spells: 2 memorised, 4 levels left

rFire  + . .     SeeInvis .       - Unarmed
rCold  . . .     Clarity  .     (no shield)
rNeg   + . .     SustAt   .     (helmet restricted)
rPois  .         Gourm    .     r - amulet of warding
rElec  .         Spirit   .     j - ring of protection from fire
rCorr  .         Warding  +     p - ring of magical power
rMut   .         Stasis   .     q - ring of stealth
MR     .....                    (no ring)
Stlth  +++.......               (no ring)
                                (no ring)
                                (no ring)
                                (no ring)

@: appendage, not resistant to hostile enchantments, fairly stealthy
A: almost no armour, amphibious, 8 rings, constrict 8, tentacle spike 3,
camouflage 1, gelatinous body 1
a: End Transformation


You were on level 4 of the Dungeon.
You were not hungry.
One of your tentacles had a temporary spike.
You visited 1 branch of the dungeon, and saw 4 of its levels.

You collected 210 gold pieces.

Inventory:

Missiles
 a - 12 arrows
Jewellery
 j - a ring of protection from fire (left tentacle)
 p - a ring of magical power (right tentacle)
 q - a ring of stealth (on tentacle)
 r - an amulet of warding (around mantle)
Wands
 t - a wand of cold (7)
Scrolls
 d - a scroll of fog {unknown}
 i - 3 scrolls of blinking
 k - 2 scrolls of remove curse
 l - 3 scrolls of identify {unknown}
 n - 2 scrolls of enchant armour {unknown}
 w - a scroll of immolation {unknown}
 y - a scroll of magic mapping {unknown}
Potions
 e - 3 potions of brilliance {unknown}
 f - 6 potions of curing {unknown}
 g - 2 potions of degeneration {unknown}
 h - a potion of flight {unknown}
 m - a potion of might {unknown}
 o - a potion of resistance {unknown}
 u - a potion of poison {unknown}
 v - a potion of invisibility {unknown}
 x - 2 potions of haste {unknown}
 z - a potion of agility {unknown}
Books
 b - a book of Changes

   Spells                             Type                      Level
   a - Beastly Appendage              Transmutation                1
   b - Sticks to Snakes               Transmutation                2
   c - Spider Form                    Transmutation/Poison         3
   d - Ice Form                       Ice/Transmutation            4
   e - Blade Hands                    Transmutation                5
Comestibles
 c - 3 bread rations
 s - 2 meat rations
 A - 3 chunks of flesh


   Skills:
 - Level 1.0 Fighting
 - Level 2.0 Dodging
 + Level 4.7 Unarmed Combat
 - Level 2.0 Spellcasting
 + Level 5.0 Transmutations
 * Level 3.2 Ice Magic


You had 4 spell levels left.
You knew the following spells:

 Your Spells              Type           Power        Failure   Level  Hunger
a - Beastly Appendage     Trmt           ###...       2%          1    #......
b - Ice Form              Ice/Trmt       ##......     41%         4    #####..


Dungeon Overview and Level Annotations

Branches:
Dungeon (4/15)
 Temple: D:4-7

Altars:


Innate Abilities, Weirdness & Mutations

You cannot wear most types of armour.
You are amphibious.
You can wear up to eight rings at the same time.
You can use your tentacles to constrict eight enemies at once.
Your skin changes colour to match your surroundings (Stealth).
Your rubbery body absorbs attacks (AC +1).
One of your tentacles bears a large vicious spike.


Message History

The worker ant is almost dead.
You constrict the worker ant.
You kill the worker ant!
Your Transmutations skill increases to level 5!
Casting: Beastly Appendage
Confirm with . or Enter, or press ? or * to list all spells.
One of your tentacles grows a vicious spike.
There is a stone staircase leading down here.
You tentacle-slap the ogre but do no damage.
You pierce the ogre.
The ogre is lightly wounded.
The ogre hits you with a giant club!!
Ouch! That really hurt!
* * * LOW HITPOINT WARNING * * *
A giant newt comes into view.
You barely miss the ogre.
The ogre is lightly wounded.
The ogre hits you with a giant club!!
Ouch! That really hurt!
You die...

##########.### ...
.............. .#l#
########.#.... .#.#
#.##### ########.#.#
#...... ........#.#
####### #.....##.#
####.....##O########
#..'.....'.@........
#.##.....###########
#.##.....#
#.##../..#
#.##.....#
#.######## #.# #.#
#.#


You could see an ogre and a giant newt.

Vanquished Creatures
  A hound (D:4)
  2 orc wizards (D:4)
  An iguana (D:4)
  2 worker ants (D:4)
  9 gnolls
  7 adders
  An ooze (D:1)
  5 worms
  3 giant geckos
  8 orcs (D:4)
  4 ball pythons
  10 bats
  3 giant cockroaches
  10 goblins
  6 hobgoblins
  13 kobolds
  3 giant newts
  7 jackals
  6 rats
101 creatures vanquished.

Notes
Turn   | Place    | Note
--------------------------------------------------------------
     0 | D:1      | Raultor the Octopode Transmuter began the quest for the Orb.
     0 | D:1      | Reached XP level 1. HP: 13/13 MP: 3/3
   291 | D:1      | Reached XP level 2. HP: 13/18 MP: 5/5
   716 | D:1      | Reached XP level 3. HP: 6/23 MP: 6/6
  1450 | D:2      | HP: 1/23 [worm (8)]
  1865 | D:2      | Reached XP level 4. HP: 28/28 MP: 5/7
  2024 | D:2      | Reached skill level 4 in Transmutations
  2515 | D:2      | Learned a level 4 spell: Ice Form
  2546 | D:2      | Reached XP level 5. HP: 29/33 MP: 8/8
  3095 | D:2      | Reached skill level 1 in Ice Magic
  4068 | D:4      | Reached XP level 6. HP: 23/38 MP: 9/9
  5062 | D:4      | Reached skill level 5 in Transmutations
  5066 | D:4      | Demolished by an ogre

Vault maps used:
D:1:      dpeg_arrival_round_c, serial_bayou, serial_bayou_shore_b,
          serial_bayou_pond_b, serial_bayou_pond_d, serial_bayou_pond_c,
          kennysheep_boxes
D:4:      uniq_robin

Action                   |  1- 3 |  4- 6 || total
-------------------------+-------+-------++-------
Melee: Unarmed           |    89 |   173 ||   262
 Cast: Beastly Appendage |     2 |    19 ||    21
  Use: Scroll            |       |     2 ||     2
 Stab: Sleeping          |     5 |    16 ||    21
  Eat: Chunk             |     3 |     6 ||     9
       Bread ration      |       |     1 ||     1
